 Dungeon Crawl Stone Soup version 0.26.1-11-gd32895ea62 (webtiles) character file.

Game seed: 129695921748263556

69 buriedalive the Chiller (level 4, -6/24 HPs)
             Began as a Deep Elf Ice Elementalist on June 15, 2021.
             Killed by nerve-wracking pain
             ... invoked by a shadow imp
             ... summoned by Natasha
              (14 damage)
             ... on level 2 of the Dungeon.
             The game lasted 00:01:35 (1844 turns).

buriedalive the Chiller (Deep Elf Ice Elementalist) Turns: 1844, Time: 00:01:36

Health: -6/24      AC:  2    Str:  5    XL:     4   Next: 2%
Magic:  7/10       EV: 14    Int: 21    God:
Gold:   50         SH:  0    Dex: 15    Spells: 8/9 levels left

rFire    . . .     SeeInvis .   f - +0 dagger
rCold    . . .     Faith    .   (no shield)
rNeg     . . .     Spirit   .   a - +0 robe
rPois    .         Reflect  .   (no helmet)
rElec    .         Harm     .   (no cloak)
rCorr    .         Rampage  .   (no gloves)
Will     .....                  (no boots)
Stlth    ++........             (no amulet)
HPRegen  0.08/turn              (no ring)
MPRegen  0.12/turn              (no ring)

@: no status effects
A: no striking features
a: no special abilities


You were on level 2 of the Dungeon.
You visited 1 branch of the dungeon, and saw 2 of its levels.

You collected 50 gold pieces.

Inventory:

Hand Weapons
 f - a +0 dagger (weapon)
Missiles
 c - 38 stones
 h - 10 poisoned darts
Armour
 a - a +0 robe (worn)
Scrolls
 d - 5 scrolls of remove curse {unknown}
 e - a scroll of identify {unknown}
 i - a scroll of blinking {unknown}
Potions
 b - 2 potions of curing {unknown}
 g - a potion of haste {unknown}
 j - a potion of brilliance {unknown}
 k - a potion of mutation {unknown}


   Skills:
 + Level 4.1 Dodging
 - Level 2.4 Stealth
 - Level 3.0 Spellcasting
 + Level 5.3 Ice Magic


You had 8 spell levels left.
You knew the following spells:

 Your Spells              Type           Power        Failure   Level
a - Freeze                Ice            100%         1%          1

Your spell library contained the following spells:

 Spells                   Type           Power        Failure   Level
 Frozen Ramparts          Ice            50%          4%          3
 Ozocubu's Armour         Ice            25%          4%          3
 Hailstorm                Conj/Ice       14%          41%         4
 Summon Ice Beast         Ice/Summ       14%          41%         4


Dungeon Overview and Level Annotations

Branches:
Dungeon (2/15)

Altars:
Dithmenos
Hepliaklqana
Makhleb
Nemelex Xobeh
Vehumet
Wu Jian

Annotations:
D:2 1 runed translucent door, Crazy Yiuf, Natasha


Message History

Natasha claws you but does no damage. The shadow imp barely misses you.
Casting: Freeze (safe; 1% risk of failure)
Confirm with . or Enter, or press ? or * to list all spells.
Aiming: Freeze (safe; 1% risk of failure)
Press: ? - help, Shift-Dir - straight line, f/p - shadow imp
Aim: a shadow imp (summoned)
The shadow imp resists.
You freeze the shadow imp.
The shadow imp is lightly wounded.
Natasha barely misses you. The shadow imp barely misses you.
Casting: Freeze (safe; 1% risk of failure)
Confirm with . or Enter, or press ? or * to list all spells.
Aiming: Freeze (safe; 1% risk of failure)
Press: ? - help, Shift-Dir - straight line, f - Natasha, p - shadow imp
Aim: Natasha (lightly wounded)
You freeze Natasha.
Natasha is moderately wounded.
Natasha casts a spell.
The shadow imp gestures at you. Pain shoots through your body!
Ouch! That really hurt!
You die...

##. #........#
# ##.[..####
#....# #.####
##.# ##..##
####....######
+.......5.....
####..@.######
#....h5...#
#.........#
#?........#
####....###
#....# .....#
######


You could see Natasha and 2 shadow imps.

Vanquished Creatures
  Natasha (D:2)
  A gnoll (D:1)
  An adder (D:2)
  2 dart slugs
  A bat (D:2)
  2 giant cockroaches (D:1)
  6 hobgoblins
  A kobold (D:1)
  2 goblins (D:1)
  5 rats
22 creatures vanquished.

Notes
Turn   | Place    | Note
-------+----------+-------------------------------------------
     0 | D:1      | buriedalive the Deep Elf Ice Elementalist began the quest
                  | for the Orb.
     0 | D:1      | Reached XP level 1. HP: 10/10 MP: 6/6
   680 | D:1      | Reached XP level 2. HP: 15/15 MP: 6/8
  1296 | D:2      | Reached skill level 5 in Ice Magic
  1296 | D:2      | Reached XP level 3. HP: 19/19 MP: 6/9
  1457 | D:2      | Found a shadowy altar of Dithmenos.
  1457 | D:2      | Found a sparkling altar of Nemelex Xobeh.
  1457 | D:2      | Found a burning altar of Makhleb.
  1472 | D:2      | Noticed Natasha
  1473 | D:2      | Found a radiant altar of Vehumet.
  1473 | D:2      | Found a hazy altar of Hepliaklqana.
  1483 | D:2      | Killed Natasha
  1708 | D:2      | Found a runed translucent door.
  1709 | D:2      | Noticed Crazy Yiuf
  1720 | D:2      | Found an ornate altar of the Wu Jian Council.
  1731 | D:2      | Reached XP level 4. HP: 24/24 MP: 6/10
  1834 | D:2      | Noticed Natasha
  1844 | D:2      | Killed from afar by a shadow imp

Illustrated notes

Levels and vault maps discovered:
D:1:      elethiomel_arrival_quiet, layout_basic
D:2:      layout_loops_corners, grunt_temple_overflow_open,
          lemuel_crystal_altar, nemelex_lonely_heart_becter, uniq_jessica,
          uniq_natasha, uniq_crazy_yiuf_cottage

Skill      XL: |  1  2  3 |
---------------+----------+-----
Dodging        | 3 4 |  4.1
Ice Magic      | 5 |  5.3
Stealth        | |  2.4
Spellcasting   | |  3.0

Action                   |  1- 3 |  4- 6 || total
-------------------------+-------+-------++-------
Melee: Unarmed           |     6 |       ||     6
       Dagger            |    14 |     2 ||    16
 Cast: Freeze            |    35 |     3 ||    38
 Stab: Sleeping          |     2 |     1 ||     3
Armor: Robe              |     5 |     1 ||     6
Dodge: Dodged            |    29 |     3 ||    32
